[Event "*** Titled Tuesday Blitz"]
[Site "Chess.com"]
[Date "2018.06.05"]
[Round "10"]
[White "Paralinch"]
[Black "Grandelicious"]
[Result "1-0"]
[WhiteElo "2831"]
[BlackElo "2673"]
[TimeControl "180+2"]
[EndTime "15:28:50 PDT"]
[Termination "Paralinch won by checkmate"]

1. e4 c5 2. Nf3 Nf6 3. e5 Nd5 4. Nc3 Nxc3 5. dxc3 Nc6 6. Qe2 e6 7. Bf4 h6 8. h4 b6 9. O-O-O Bb7 10. Nd2 Qc7 11.
Nc4 O-O-O 12. h5 f6 13. Nd6+ Bxd6 14. exd6 Qb8 15. Rh3 Rde8 16. Rg3 Rhg8 17. Qd2 Nd8 18. Bd3 e5 19. Be3 Qxd6 20. Bh7 Qxd2+ 21. Rxd2 Ne6 22.
Bxg8 Rxg8 23. Bxh6 Rh8 24. Bxg7 Rxh5 25. Bxf6 Nf4 26.
b3 Bxg2 27. f3 Bf1 28. Rg8+ Kc7 29. Re8 Ne6 30. Re7 Bb5 31. Rd5 Rf5 32. Bxe5+ Kb7 33.
f4 Nxf4 34. Rd6 Ne2+ 35. Kb2 Bc6 36. c4 Ng1 37. Bc3 Nf3 38. Rf6 Rh5 39. Ref7 Nh4 40. a3 Ng2 41. Re7 a5 42. Rf8 Rh1 43.
Ree8 Rd1 44. Rb8+ Ka7 45. Rbe8 Rh1 46. Rf2 Rh3 47. Bd2 Nh4 48. Rh8 Rh1 49. Rf7 Rd1 50. Rxh4 Rxd2 51. Rhf4 Kb7 52. Rf2 Rd4 53. R7f4 Rd6 54.
Rf6 Rd1 55. Rf8 Kc7 56. R8f4 Rh1 57. Rd2 Rh3 58. Rff2 Rg3 59. Rd3 Rg1 60. Rfd2 Rg4 61. Kc3 Rh4 62. b4 axb4+ 63. axb4 cxb4+ 64. Kxb4 Rh5 65. Rd4 Ra5 66. Re2 Ra4+ 67. Kb3 Ra1 68. Re5 Rb1+ 69. Kc3 Rh1 70. c5 bxc5 71. Rxc5 Rh3+ 72.
Rd3 Rh2 73. Rc4 Rg2 74. Rcd4 Kb6 75. Rd2 Rg3+ 76. Kb4 Rh3 77. c4 Rh1 78. Rb2 Rh5 79. Rf4 Rg5 80. Rf1 Rh5 81. Ra1 Rg5 82. Kc3+ Kc7 83. Ra7+ Kd6 84. Rd2+ Ke7 85. Kb4 Kd8 86. Ra5 Rg1 87. Kc5 Kc7 88. Ra7+ Kd8 89. Rh2 Rg5+ 90. Kb6 Ke7 91. Ra5 Rg4 92. Re2+ Kd6 93. Rd2+ Ke6 94. Re2+ Kd6 95. Rd5+ Bxd5 96. c5# 1-0

[Event "*** Titled Tuesday Blitz"]
[Site "Chess.com"]
[Date "2018.06.05"]
[Round "10"]
[White "Leo_C"]
[Black "gpeloui"]
[Result "0-1"]
[WhiteElo "2158"]
[BlackElo "2300"]
[TimeControl "180+2"]
[EndTime "15:28:54 PDT"]
[Termination "gpeloui won by resignation"]

1. d4 f5 2. Nf3 Nf6 3. c4 g6 4. e3 Bg7 5. b4 O-O 6. Be2 d6 7. Bb2 c6 8. a4 Nbd7 9. b5 Qc7 10. O-O e5 11. Nc3 e4 12. Nd2 h5 13. Qb3 Ng4 14.
h3 Ngf6 15. c5+ d5 16. a5 f4 17. b6 Qb8 18. bxa7 Rxa7 19. Ndxe4 fxe3 20. fxe3 Re8 21. Nxf6+ Nxf6 22. Rf3 Qc7 23. Raf1 Bf5 24. Bc1 Qxa5 25. e4 Nxe4 26. Nxe4 Rxe4 27. Bd3 Bxd4+ 28. Kh1 Qa2 29.
Qd1 Bf6 30. Bxe4 dxe4 31. Rxf5 gxf5 32. Qxh5 Bg7 33. Qxf5 Qc4 34. Bg5 Ra8 35. Rc1 Qd5 36. Qg6 Rf8 37. Re1 Qxc5 38. Qxe4 Qf5 39. Qc4+ Qf7 40.
Qc5 Qg6 41. Qc4+ Kh7 42. Qh4+ Kg8 43. Qc4+ Kh7 44. Qh4+ Kg8 45. Qc4+ Qf7 46. Qc5 Qd5 47. Qxd5+ cxd5 48. Rd1 d4 49. Be7 Rf7 50. Bc5 Rd7 51. g4 Kf7 52. h4 Ke6 53. Kg2 Kd5 54. Bb6 Rd6 55. Ba7 Ke4 56. g5 d3 57. Re1+ Kf4 58.
Rd1 Ke4 59. h5 Kf5 60. h6 Bc3 61. h7 Kxg5 62. Rh1 d2 63. Rd1 Kg6 64. Be3 Kxh7 65. Kf2 Kg6 66. Ke2 Kf5 67. Bxd2 Bxd2 68. Rxd2 Ke5 69.
Rb2 b6 70. Ke3 Ke6 71. Ke4 Kd7 72. Rb4 Kc6 73. Ke3 b5 74. Rb2 Kc5 75. Rc2+ Kb4 76. Rb2+ Kc4 77. Rc2+ Kb3 78. Rc5 b4 79. Rc8 Kb2 80. Rc5 b3 81. Ke2 Kb1 82. Rc3 b2 83. Rc8 Ra6 84. Rc3 Ka1 85. Rb3 b1=Q 86. Rxb1+ Kxb1 87. Ke3 Rd6 88. Kf4 Kc2 89. Ke5 Rd1 90.
Ke4 Kc3 91. Ke3 Rd4 92. Ke2 Kc4 93. Ke3 Kd5 94. Ke2 Ke4 95. Kf2 Rd3 96. Ke2 Kd4 97.
Kf2 Re3 98. Kf1 Ke4 0-1

[Event "*** Titled Tuesday Blitz"]
[Site "Chess.com"]
[Date "2018.06.05"]
[Round "10"]
[White "chessking2151"]
[Black "olksuna"]
[Result "1/2-1/2"]
[WhiteElo "2445"]
[BlackElo "2427"]
[TimeControl "180+2"]
[EndTime "15:30:13 PDT"]
[Termination "Game drawn by agreement"]

1. d4 Nf6 2. c4 e6 3. Nf3 d5 4.
Nc3 dxc4 5. e4 Bb4 6. Bg5 c5 7. dxc5 Qxd1+ 8. Kxd1 Bxc3 9. bxc3 Nxe4 10. Be3 Nxc3+ 11.
Kc2 Nd5 12. Bd4 O-O 13. Bxc4 Nc6 14. Rhd1 Rd8 15. Bb2 Bd7 16. Bxd5 Nb4+ 17. Kb3 Nxd5 18. Ne5 Be8 19. Rac1 Rac8 20. Ba3 b6 21. c6 f6 22. c7 fxe5 23. cxd8=Q Rxd8 24. Rc7 a5 25. Rcc1 b5 26.
Bc5 b4 27. Kb2 Kf7 28. Bb6 Ra8 29. Be3 e4 30. Rd4 Nc3 31. Bd2 Nd5 32. Rxe4 Bb5 33. Rc5 Bd3 34. Rd4 Bg6 35. f4 h5 36. g3 Bf5 37. a3 bxa3+ 38. Kxa3 Rb8 39. Rxa5 Rb1 40.
Raxd5 exd5 41. Rxd5 g6 42. Bc3 Rh1 43. Rd2 Be4 44. Kb4 Ke6 45. Re2 Kf5 46. Bd4 Rd1 47. Kc5 Rc1+ 48. Kb4 Rb1+ 49. Kc5 Rc1+ 50. Kb4 Rc8 51.
Be5 Rc1 52. Rd2 Kg4 53. Rd4 Kf3 54. Rd2 Rb1+ 55. Kc5 Rc1+ 56. Kd6 Rc6+ 57. Ke7 Bf5 58. Kf7 Kg4 59. Rb2 Kh3 60. Kg7 Rc1 61. Kh6 Rh1 62. Kg5 h4 63. Rb3 hxg3 64. Rxg3+ Kxh2 65. Rb3 Rg1+ 66. Kf6 Rg3 67. Rb2+ Rg2 68. Rb6 Kg3 69. Rb3+ Kg4 70. Rb4 Rc2 71. Rb6 Kf3 72. Rb3+ Ke4 73. Rb4+ Kf3 74. Rd4 Re2 75. Kg5 Re4 76. Rd3+ Ke2 77.
Rg3 Re3 78. Rg2+ Kf3 79. Rg1 Re2 80. Rf1+ Kg2 81. Rc1 Kf3 82. Rc3+ Ke4 83. Kf6 Kd5 84. Rg3 Ke4 85. Rg1 Kd5 86. Rd1+ Ke4 87. Rd4+ Kf3 88. Rb4 Rc2 89. Kg5 Rg2+ 90. Kf6 Rc2 91. Rb3+ Kg4 92. Rb4 Rc6+ 93. Kf7 Ra6 94. Rb2 Kf3 95. Kg7 Kg4 96. Rg2+ Kf3 97. Rg5 Ra7+ 98. Kf6 Ke4 99. Rg1 Ra6+ 100.
Kg5 Kd5 101. Re1 Ra2 102. Rd1+ Ke6 103. Rd6+ Kf7 104. Rf6+ Ke7 105. Kh6 Rh2+ 106. Kg7 Rd2 107. Rb6 Kd7 108. Kf6 Rd3 109. Ra6 Rb3 110. Rd6+ Kc8 111. Ke7 Rb7+ 112. Kf6 Rd7 113. Rc6+ Kb7 114. Rc5 1/2-1/2

[Event "*** Titled Tuesday Blitz"]
[Site "Chess.com"]
[Date "2018.06.05"]
[Round "10"]
[White "Alexander_Moskalenko"]
[Black "BartoszSocko"]
[Result "1/2-1/2"]
[WhiteElo "2773"]
[BlackElo "2633"]
[TimeControl "180+2"]
[EndTime "15:31:17 PDT"]
[Termination "Game drawn by repetition"]

1. e4 e6 2. d4 d5 3. exd5 exd5 4. Nf3 Bd6 5. Bd3 Nc6 6. c3 Nge7 7. O-O Bf5 8. Re1 Qd7 9. Bxf5 Qxf5 10. Nbd2 O-O-O 11. Nf1 f6 12. b4 Rde8 13. a4 g5 14. a5 Kb8 15. b5 Nd8 16. Ba3 Nc8 17. Ng3 Bxg3 18.
hxg3 h5 19. Rxe8 Rxe8 20. Bc5 Qe6 21. Qc2 Qe2 22. Qg6 Re6 23. Qg8 Re8 24. Qxd5 Qxb5 25. Qa2 a6 26. Rb1 Re2 27. Qa1 Qd3 28. Rd1 Qc2 29.
Rc1 Qf5 30. Re1 Rxe1+ 31. Qxe1 Nc6 32. c4 Qd3 33. d5 Qxc4 34. dxc6 Qxc5 35. cxb7 Nd6 36.
Qd2 Kxb7 37. Nd4 Qd5 38. Qe3 Nc4 39. Qb3+ Ka7 40. Qc3 g4 41. Kh2 Kb7 42. Qb4+ Ka7 43. Nb3 Qb5 44. Qc3 Kb7 45. Qd3 Nd6 46. Qc3 Qc4 47. Qe3 f5 48. Nc5+ Kc6 49. Ne6 Kb5 50.
Qe5+ Kb4 51. Nf4 Qb5 52. Qe1+ Ka4 53. Qc3 c5 54. Nd3 Nc4 55. Qa1+ Kb3 56. Nf4 Qxa5 57. Qb1+ Nb2 58. Qxf5 Qc3 59. Qe6+ c4 60. Qxa6 Qb4 61. Qe6 Qc5 62. Nd5 Qxf2 63. Ne3 Qe2 64. Qb6+ Kc3 65. Nd5+ Kc2 66. Qb4 Qd3 67. Nf4 Qc3 68. Qd6 Kb1 69. Qg6+ Nd3 70. Qxh5 Nxf4 71. gxf4 g3+ 72. Kh3 Qd3 73.
Qb5+ Kc2 74. f5 c3 75. Qxd3+ Kxd3 76. f6 c2 77. f7 c1=Q 78. f8=Q Ke4 79. Qf3+ Ke5 80.
Qxg3+ Kf5 81. Qf3+ Kg6 82. Qe4+ Kg5 83. Qh4+ Kg6 84.
Qg4+ Kh6 85. Qe6+ Kg5 86. Qe5+ Kg6 87. Kg4 Qc4+ 88. Kg3 Qd3+ 89. Kh2 Qc2 90. Kh3 Qd3+ 91. Kh4 Qc4+ 92. g4 Qb4 93. Qe6+ Kg7 94. Kh5 Qc5+ 95. g5 Qf2 96. Qe7+ Kg8 97. Qe8+ Kg7 98. Qg6+ Kf8 99. Qd6+ Kg7 100. Qe5+ Kg8 101. Kh6 Qf8+ 102. Kh5 Qf3+ 103. Kh4 Qf2+ 104. Kg4 Qg2+ 105. Kf5 Qf3+ 106. Ke6 Qf7+ 107. Kd6 Qf8+ 108. Kd5 Qg7 109. Qe8+ Qf8 110. Qe5 Qg7 111. Qb8+ Qf8 112. Qg3 Qf5+ 113. Kd4 Kg7 114. Qh4 Qd7+ 115. Ke3 Qe6+ 116. Kf2 Qf5+ 117. Kg2 Qc2+ 118. Kh3 Qd3+ 119. Kg4 Qe4+ 120. Kh5 Qf3+ 121. Qg4 Qh1+ 122. Qh4 Qf3+ 123. Qg4 Qh1+ 124. Qh4 Qf3+ 125. Qg4 1/2-1/2

[Event "*** Titled Tuesday Blitz"]
[Site "Chess.com"]
[Date "2018.06.05"]
[Round "10"]
[White "Ind1anStar"]
[Black "BlackBoarder"]
[Result "1/2-1/2"]
[WhiteElo "2356"]
[BlackElo "2261"]
[TimeControl "180+2"]
[EndTime "15:32:34 PDT"]
[Termination "Game drawn by 50-move rule"]

1. e4 e6 2. d4 d5 3. exd5 exd5 4.
Nc3 Nf6 5. Bd3 c5 6. dxc5 Bxc5 7. Nge2 O-O 8. O-O h6 9. h3 Nc6 10. Bf4 Re8 11. Qd2 Ne4 12. Bxe4 dxe4 13. Qxd8 Nxd8 14.
Rad1 Bf5 15. Ng3 Bg6 16. Rfe1 Bb4 17. Ngxe4 Ne6 18. Bd6 Bxc3 19. Nxc3 Bxc2 20. Rd2 Bg6 21. Nd5 Red8 22. Ne7+ Kh7 23. Nxg6 Kxg6 24. Rd3 Kh7 25. Red1 Rac8 26. R1d2 Ng5 27. f3 Rc1+ 28. Kh2 Ne6 29. Rd5 Ra1 30. a3 Rb1 31. Be5 Rxd5 32. Rxd5 Kg6 33. f4 f6 34. Bb8 f5 35. b4 Rb3 36. g4 fxg4 37. f5+ Kf6 38. Be5+ Kxf5 39.
hxg4+ Kxg4 40. Rd6 Kf5 41. Rd5 Ke4 42. Rb5 a6 43.
Ra5 b6 44. Rxa6 Kxe5 45. Rxb6 Rxa3 46. Rb5+ Kf6 47. Rb6 Rb3 48. b5 g5 49. Rb8 Ke5 50.
b6 h5 51. b7 h4 52. Kg2 g4 53. Rg8 Rb2+ 54. Kg1 Rxb7 55. Rxg4 Rh7 56. Kh2 Kf5 57. Ra4 Nf4 58. Ra5+ Kg4 59. Ra8 Rb7 60. Rg8+ Kf3 61. Kh1 h3 62. Kh2 Rb2+ 63. Kh1 Rb5 64. Kh2 Rh5 65.
Rg3+ Ke4 66. Ra3 Kf5 67. Ra5+ Kg4 68. Ra8 Rg5 69. Ra4 Rf5 70. Ra8 Kh4 71. Ra4 Kg5 72. Ra8 Kg4 73. Ra4 Rg5 74. Rb4 Kf5 75. Rb5+ Kf6 76.
Rb6+ Kf7 77. Rb4 Rg2+ 78. Kh1 Rf2 79. Kg1 Rf3 80. Kh2 Ke6 81. Rb6+ Kf5 82. Rb8 Rf2+ 83. Kg1 Rg2+ 84. Kh1 Rg3 85. Kh2 Rf3 86. Rf8+ Ke4 87. Re8+ Kd3 88. Re7 Ne2 89. Rh7 Nf4 90. Re7 Re3 91.
Rf7 Ke4 92. Re7+ Kf3 93. Rf7 Re2+ 94. Kh1 Kg3 95. Rg7+ Kh4 96. Rh7+ Nh5 97. Rh8 Kg4 98. Rg8+ Kf3 99. Rf8+ Kg4 100. Rg8+ Kf4 101. Rf8+ Kg5 102. Rg8+ Kf6 103. Rf8+ Kg5 104. Rg8+ Kh4 105. Rh8 Rd2 106. Kg1 Rc2 107. Kh1 Rb2 108. Kg1 Kg4 109. Rg8+ Kf3 110. Rf8+ Nf4 111. Kh1 Rb1+ 112. Kh2 Rb2+ 113. Kh1 Rf2 114. Kg1 Rd2 115. Kh1 Rd4 116. Kh2 Ke3 117. Re8+ Kf3 118. Rf8 Kg4 119. Rg8+ Kf3 120. Rf8 Rd2+ 121. Kh1 Rc2 122. Kg1 Ke4 123. Re8+ Kf5 124. Rf8+ Kg5 125. Rg8+ Ng6 126. Kh1 Kh5 127. Rg7 Nh4 128. Rh7+ Kg4 129. Rg7+ Kf4 130. Rf7+ Nf5 131. Rf8 Kg4 132. Rg8+ Kf3 133. Rf8 Ke4 134. Re8+ Kd5 135. Rd8+ Ke4 136. Re8+ Kf4 1/2-1/2